 Dungeon Crawl Stone Soup version 0.16-b1 (webtiles) character file.

265212 abixa the Shatterer (level 20, -5/226 HPs)
             Began as an Ogre Berserker on Mar 5, 2015.
             Was the Champion of Trog.
             Slain by an ironheart preserver
             ... wielding a +0 great mace
              (15 damage)
             ... on level 2 of the Vaults on Mar 6, 2015.
             The game lasted 05:11:41 (60788 turns).

abixa the Shatterer (Ogre Berserker)               Turns: 60788, Time: 05:11:41

Health: -5/226     AC: 15    Str: 27    XL:     20   Next: 47%
Magic:  19/19      EV: 16    Int:  6    God:    Trog [******]
Gold:   1516       SH:  0    Dex: 15    Spells: 0 memorised, 19 levels left

rFire  + + .     SeeInvis +     a - +4 giant spiked club (vamp)
rCold  . . .     Clarity  .     j - +0 fire dragon armour
rNeg   + . .     SustAb   .     (shield restricted)
rPois  +         Gourm    .     (helmet restricted)
rElec  .         Spirit   .     v - +0 cloak {rPois}
rCorr  .         Warding  +     (gloves unavailable)
rMut   .         Stasis   .     (boots unavailable)
MR     +++++                    I - macabre finger necklace {Ward rN+}
Stlth  ..........               n - ring of Roampydd {rPois MR++}
                                y - ring of protection from cold
                                T - ring of see invisible

@: exhausted, very slightly contaminated, regenerating, hasted, very quick,
almost entirely resistant to hostile enchantments, extremely unstealthy
A: unfitting armour, tough skin 1
a: Burn Spellbooks, Berserk, Trog's Hand, Brothers in Arms, Renounce Religion
}: 1/15 runes: serpentine


You were on level 2 of the Vaults.
You worshipped Trog.
Trog was exalted by your worship.
You were near starving.

You visited 8 branches of the dungeon, and saw 42 of its levels.
You visited 1 bazaar.
You also visited: Labyrinth, Sewer and Volcano.

You collected 4596 gold pieces.
You spent 3080 gold pieces at shops.

Inventory:

Hand weapons
 a - a +4 vampiric giant spiked club (weapon)
 N - a +5 antimagic giant spiked club
Missiles
 o - 23 steel tomahawks
 E - 5 tomahawks
 J - 15 javelins of penetration
 K - 81 large rocks
 O - 36 poisoned javelins
 Y - 3 javelins of returning (quivered)
Armour
 j - a +0 fire dragon armour (worn)
 v - a +0 cloak of poison resistance (worn)
Jewellery
 n - the ring of Roampydd (right hand) {rPois MR++}
   (You bought it in a shop in a bazaar)

   [ring of poison resistance]

   It protects you from poison.
   It affects your resistance to hostile enchantments.
 q - an uncursed amulet of guardian spirit
 w - an uncursed ring of protection from fire
 y - a ring of protection from cold (left hand)
 H - the amulet "Cricoaq" {rMut rPois rF- rC+ Int+2}
   (You bought it in a shop in a bazaar)

   [amulet of resist mutation]

   It protects you from mutation.
   It affects your intelligence (+2).
   It makes you vulnerable to fire.
   It protects you from cold.
   It protects you from poison.
 I - the macabre finger necklace (around neck) {Ward rN+}
   (You found it on level 8 of the Lair of Beasts)

   [amulet of warding]

   It may prevent the melee attacks of summoned creatures.
   It protects you from negative energy.
 S - an uncursed amulet of resist corrosion
 T - a ring of see invisible (on amulet)
Magical devices
 b - a wand of teleportation (0)
 e - a wand of invisibility (2)
 f - a wand of fire (2)
 k - a wand of cold (11)
 r - a wand of paralysis (8)
 u - a wand of disintegration (7)
 A - a wand of digging (12)
 D - a wand of draining (2)
 F - a wand of paralysis (8)
Scrolls
 c - a scroll of magic mapping
 d - 10 scrolls of blinking
 i - 20 scrolls of remove curse
 m - 5 scrolls of fog
 C - a scroll of immolation
 M - 3 scrolls of fear
 Q - 7 scrolls of teleportation
Potions
 h - 5 potions of might
 p - 5 potions of cancellation
 s - 6 potions of resistance
 B - 15 potions of curing
 G - 5 potions of haste
 L - 3 potions of heal wounds
 U - 10 potions of agility
 W - 5 potions of flight
 X - a potion of ambrosia
Miscellaneous
 g - a lamp of fire
 t - a box of beasts
 x - a fan of gales (inert)
 z - a phial of floods (inert)
Comestibles
 l - a bread ration
 V - 66 fruits


   Skills:
 + Level 19.0 Fighting
 - Level 22.1 Maces & Flails
 + Level 17.1 Throwing
 + Level 14.1 Armour
 + Level 13.8 Dodging


You had 19 spell levels left.
You didn't know any spells.

Dungeon Overview and Level Annotations

Branches:
Dungeon (15/15)            Temple (1/1) D:5            Lair (8/8) D:11
 Shoals (5/5) Lair:4        Snake (5/5) Lair:3        Slime (0/6) Lair:6
    Orc (4/4) D:11            Elf (2/3) Orc:4        Vaults (2/5) D:13
 Depths (0/5) D:15
  Crypt: Vaults:2-3

Altars:
Ashenzari
Cheibriados
Dithmenos
Elyvilon
Fedhas
Gozag
Kikubaaqudgha
Makhleb
Nemelex Xobeh
Okawaru
Qazlal
Ru
Sif Muna
Trog
Vehumet
Xom
Yredelemnul
Zin
The Shining One
Beogh

Shops:
D:4 *   D:14 [   Orc:1 *   Orc:4 *(:[   Elf:1 [   Elf:2 }   Snake:2 }
Vaults:1 *

Portals:
Trove: D:10 (give 2 scrolls of acquirement)

Annotations:
Shoals:5 TODO
Elf:2 exclusion: 3 doors
Vaults:2 Mennas


Innate Abilities, Weirdness & Mutations

You are too large for most types of armour.
You have tough skin (AC +1).


Message History

Drink which item? (? for menu, Esc to quit)
You feel much better.
Your troll bites the stone giant!
Your troll claws the stone giant.
Your troll claws the stone giant!
The ironheart preserver hits you but does no damage.
You perforate the stone giant like a sieve!!!
The stone giant is heavily wounded.
The stone giant hits you!
* * * LOW HITPOINT WARNING * * *
Your troll bites the stone giant!!
Your troll claws the stone giant!
Your troll claws the stone giant!
You hit the stone giant but do no damage.
The stone giant is severely wounded.
Your troll barely misses the stone giant.
Your troll claws the stone giant! x2
You puncture the stone giant!
The stone giant is almost dead.
The stone giant hits you!!
* * * LOW HITPOINT WARNING * * *
The ironheart preserver hits you with a great mace!
You die... ##+## #@..# #pCT#

#B..#
#...#
#...#
#$.?#
#+++#


You could see an ironheart preserver, a stone giant, a boulder beetle and a
friendly troll (berserk).

Vanquished Creatures
  Nikola (Snake:1)
  Polyphemus (Shoals:2)
  Rupert (D:15)
  Frances (Elf:1)
  A fire giant (D:15)
  Donald (Orc:3)
  The ghost of abixa the Deadly Accurate, a powerful OgBe of Trog (Orc:4)
  15 greater nagas (Snake:5)
  An orc warlord (Orc:4)
  2 vault wardens
  2 ironheart preservers (Vaults:1)
  A stone giant (Vaults:2)
  Azrael (Snake:2)
  A deep elf annihilator (Elf:2)
  4 vault guards (D:13)
  A minotaur (Lab)
  Snorg (Elf:2)
  A merfolk javelineer (Shoals:2)
  3 deep elf death magi
  2 deep elf high priests (Elf:1)
  A merfolk impaler (Shoals:2)
  3 yaktaur captains (Vaults:1)
  Fannar (Lair:4)
  4 centaur warriors
  11 anacondas
  25 naga warriors
  2 catoblepae
  11 hydras
  2 ogre magi (Vaults:1)
  16 death yaks
  3 dancing weapons (Elf:2)
  2 merfolk aquamancers
  A deep troll shaman (Lair:8)
  6 orc high priests
  A satyr (Shoals:4)
  15 naga sharpshooters
  A hell knight (Elf:1)
  A fire crab (Lair:6)
  13 deep elf knights
  5 shock serpents
  15 sea snakes
  Erolcha (D:12)
  The ghost of dysrexia the Basher, an experienced VSGl of Okawaru (D:8)
  3 unseen horrors (Vaults:1)
  A lindwurm (Orc:3)
  12 naga ritualists
  7 harpies
  7 deep elf summoners
  10 orc knights
  7 deep elf conjurers
  An ironbrand convoker (Vaults:1)
  4 fauns
  A necromancer (D:12)
  12 cyclopes
  9 water nymphs
  10 mana vipers
  3 orc sorcerers
  15 griffons
  15 manticores
  26 ugly things
  5 hill giants
  38 black mambas
  9 salamanders
  4 vault sentinels (Vaults:1)
  3 elephants (Lair:8)
  A molten gargoyle (Volcano)
  5 guardian serpents
  5 sirens
  A small abomination (Elf:2)
  22 naga magi
  The ghost of kae the Basher, an experienced MiFi (D:9)
  8 spiny frogs
  4 centaur skeletons
  2 kobold demonologists
  Psyche (Orc:3)
  2 gargoyles
  A komodo dragon (shapeshifter) (Elf:1)
  8 komodo dragons
  A demonic crawler (Elf:2)
  13 yaktaurs
  A redback zombie (D:14)
  A freezing wraith (Vaults:2)
  A fire drake (Lair:5)
  2 jumping spiders (Elf:2)
  A spriggan druid (Lair:4)
  4 trolls
  11 deep elf priests
  21 merfolk
  4 wind drakes
  2 minotaur zombies (Lab)
  3 polar bears
  11 slime creatures
  3 two-headed ogres (Vaults:1)
  6 snapping turtles
  24 blink frogs
  2 boulder beetles
  4 basilisks
  3 redbacks (Elf:2)
  A baby alligator (shapeshifter) (D:14)
  19 deep elf magi
  3 wyverns
  A redback simulacrum (Vaults:1)
  7 water elementals
  3 fire elementals (Snake:2)
  46 yaks
  A spriggan (D:7)
  A golden eye (shapeshifter) (Vaults:1)
  A trapdoor spider (D:13)
  A steam dragon (Lair:4)
  13 hippogriffs
  21 deep elf fighters
  A human (shapeshifter) (D:15)
  2 hungry ghosts
  6 wargs
  15 wolves
  89 nagas
  2 soldier ants
  3 mottled dragons
  24 water moccasins
  4 hell hounds (Snake:2)
  8 porcupines
  7 vampire mosquitoes
  2 phantoms
  33 orc warriors
  5 black bears
  3 sky beasts
  8 ice beasts
  A necrophage (D:14)
  12 ogres
  19 centaurs
  Duvessa (D:5)
  13 crocodiles
  4 big kobolds
  2 boring beetles (Lair:8)
  A gnoll sergeant (D:7)
  A wyvern zombie (D:12)
  23 giant frogs
  17 killer bees
  7 scorpions
  2 lava snakes (Volcano)
  7 electric eels
  4 centaur zombies
  11 crimson imps
  4 giant frog zombies
  3 goliath beetles
  11 hounds
  3 quasits
  Dowan (D:5)
  5 wights
  A wasp zombie (D:12)
  2 gnoll shamans
  8 jellies
  31 orc priests
  5 giant frog skeletons
  41 orc wizards
  12 iguanas
  Natasha (thrice) (D:3)
  13 worker ants
  27 sheep
  A hound skeleton (D:5)
  A hound zombie (D:10)
  A mummy (D:9)
  3 worker ant zombies
  25 adders
  74 river rats
  11 gnolls
  2 shadow imps
  2 giant mites
  A worm (D:2)
  An adder skeleton (D:7)
  10 oozes
  189 orcs
  A bat skeleton (D:5)
  A bat zombie (D:6)
  21 hobgoblins
  7 jackals
  43 kobolds
  11 quokkas
  5 ball pythons
  18 bats
  7 giant cockroaches
  7 giant geckos
  4 giant newts
  18 goblins
  A jackal skeleton (D:4)
  2 orc zombies (Orc:4)
  A quokka skeleton (D:9)
  17 rats
  4 fungi
  4 plants
1682 creatures vanquished.

Vanquished Creatures (collateral kills)
  A greater naga (Snake:5)
  An ironheart preserver (Vaults:1)
  A centaur warrior (Vaults:1)
  A naga warrior (Snake:5)
  An orc knight (Vaults:1)
  2 nagas (Snake:5)
  2 orc warriors (Vaults:1)
9 creatures vanquished.

Vanquished Creatures (others)
  A stone giant (Vaults:2)
  A deep elf knight (Elf:1)
  An air elemental (Vaults:2)
  A water elemental (Vaults:1)
  3 lost souls (Elf:2)
  An orc (Orc:4)
  21 fungi
  3 plants
32 creatures vanquished.

Grand Total: 1723 creatures vanquished

Notes
Turn   | Place    | Note
--------------------------------------------------------------
     0 | D:1      | abixa, the Ogre Berserker, began the quest for the Orb.
     0 | D:1      | Reached XP level 1. HP: 24/24 MP: 1/1
   173 | D:1      | Reached skill level 1 in Throwing
   316 | D:1      | Reached XP level 2. HP: 8/32 MP: 2/2
   686 | D:1      | Acquired Trog's second power
  1193 | D:1      | Reached XP level 3. HP: 39/39 MP: 3/3
  2416 | D:3      | Reached XP level 4. HP: 24/48 MP: 4/4
  2925 | D:3      | Noticed Natasha
  2931 | D:3      | Killed Natasha
  2931 | D:3      | Reached XP level 5. HP: 20/54 MP: 5/5
  3361 | D:3      | Noticed Natasha
  3369 | D:3      | Killed Natasha
  3606 | D:3      | Noticed Natasha
  3609 | D:3      | Killed Natasha
  3712 | D:4      | Reached skill level 5 in Maces & Flails
  3712 | D:4      | Reached skill level 5 in Throwing
  3808 | D:4      | Acquired Trog's third power
  3856 | D:4      | Found Zin's Purification Station.
  3856 | D:4      | Found a glowing silver altar of Zin.
  4005 | D:4      | Reached XP level 6. HP: 34/62 MP: 6/6
  4007 | D:4      | Received a gift from Trog
  4295 | D:4      | Found a glowing drain.
  4315 | Sewer    | Entered a sewer
  4904 | Sewer    | Reached skill level 6 in Maces & Flails
  5473 | D:5      | Entered Level 5 of the Dungeon
  5529 | D:5      | Reached XP level 7. HP: 48/70 MP: 7/7
  6151 | D:5      | Found a staircase to the Ecumenical Temple.
  6194 | Temple   | Entered the Ecumenical Temple
  6433 | D:5      | Found a glowing golden altar of the Shining One.
  6616 | D:5      | Reached skill level 7 in Throwing
  6911 | D:5      | Noticed Dowan
  6912 | D:5      | Noticed Duvessa
  6948 | D:5      | Killed Dowan
  7012 | D:5      | Killed Duvessa
  7012 | D:5      | Reached skill level 8 in Throwing
  7012 | D:5      | Reached XP level 8. HP: 45/78 MP: 8/8
  7428 | D:6      | Reached skill level 9 in Throwing
  7519 | D:6      | Received a gift from Trog
  7729 | D:6      | Noticed kae's ghost (experienced MiFi)
  7833 | D:6      | Found Xyv Mun's Distillery.
  7905 | D:6      | Found a burning altar of Makhleb.
  7907 | D:6      | Found a shimmering altar of Xom.
  8001 | D:6      | Found a shadowy altar of Dithmenos.
  8085 | D:6      | Reached skill level 10 in Maces & Flails
  8284 | D:5      | Reached XP level 9. HP: 63/84 MP: 9/9
  8519 | D:7      | Reached skill level 11 in Maces & Flails
  8821 | D:7      | Found an ancient bone altar of Kikubaaqudgha.
  9664 | D:7      | Reached skill level 12 in Maces & Flails
 10118 | D:7      | Found a shattered altar of Ashenzari.
 10118 | D:7      | Found a sacrificial altar of Ru.
 10119 | D:7      | Found a blossoming altar of Fedhas.
 10140 | D:7      | Reached skill level 13 in Maces & Flails
 10744 | D:7      | Reached skill level 14 in Maces & Flails
 10852 | D:7      | Received a gift from Trog
 11205 | D:8      | Reached XP level 10. HP: 92/92 MP: 10/10
 11295 | D:8      | You fall through a shaft!
 11418 | D:9      | Noticed a cyclops
 11422 | D:9      | Killed a cyclops
 11422 | D:9      | Reached skill level 5 in Fighting
 12144 | D:8      | Noticed dysrexia's ghost (experienced VSGl)
 12159 | D:8      | Killed dysrexia's ghost
 12159 | D:8      | Reached skill level 10 in Throwing
 13121 | D:9      | Received a gift from Trog
 13138 | D:8      | HP: 5/102 [poisoned by a gnoll]
 13142 | D:8      | Reached skill level 5 in Dodging
 13143 | D:8      | HP: 3/104 [poisoned by a gnoll]
 13148 | D:8      | HP: 2/104 [poisoned by a gnoll]
 13153 | D:8      | HP: 1/104 [poisoned by a gnoll]
 13160 | D:8      | HP: 1/104 [poisoned by a gnoll]
 13168 | D:8      | HP: 1/104 [poisoned by a gnoll]
 13580 | D:9      | Found a shattered altar of Ashenzari.
 13675 | D:9      | Reached XP level 11. HP: 82/111 MP: 11/11
 13823 | D:9      | Noticed kae's ghost (experienced MiFi)
 13825 | D:9      | Noticed a hill giant
 13878 | D:9      | Found an opulent altar of Gozag.
 13879 | D:9      | Found a sparkling altar of Nemelex Xobeh.
 14042 | D:9      | Killed a hill giant
 14546 | D:10     | Entered Level 10 of the Dungeon
 14799 | D:10     | Received a gift from Trog
 15141 | D:10     | Noticed a hill giant
 15203 | D:10     | Killed a hill giant
 16412 | D:10     | Found a portal to a secret trove of treasure.
 16692 | D:11     | Reached skill level 10 in Fighting
 16705 | D:11     | Received a gift from Trog
 16919 | D:11     | Found a staircase to the Lair.
 17269 | D:11     | Found a staircase to the Orcish Mines.
 17276 | D:11     | Found a roughly hewn altar of Beogh.
 17658 | Lair:1   | Entered Level 1 of the Lair of Beasts
 17766 | Lair:1   | Received a gift from Trog
 17941 | Lair:1   | Reached XP level 12. HP: 105/128 MP: 12/12
 18924 | Lair:1   | Received a gift from Trog
 19418 | Lair:2   | Noticed an eight-headed hydra
 19427 | Lair:2   | Killed an eight-headed hydra
 19504 | Lair:2   | Received a gift from Trog
 19655 | Lair:2   | Received a gift from Trog
 20054 | Lair:2   | Received a gift from Trog
 20373 | Lair:3   | Found a staircase to the Snake Pit.
 20579 | Lair:3   | Received a gift from Trog
 21790 | Lair:4   | Noticed Fannar
 21810 | Lair:4   | Killed Fannar
 22086 | Lair:4   | Received a gift from Trog
 22087 | Lair:4   | Got a crystal halberd {god gift}
 22104 | Lair:4   | Reached XP level 13. HP: 125/141 MP: 13/13
 22148 | Lair:4   | Noticed a six-headed hydra
 22157 | Lair:4   | Killed a six-headed hydra
 22184 | Lair:4   | Noticed an eight-headed hydra
 22192 | Lair:4   | Killed an eight-headed hydra
 22204 | Lair:4   | Found a staircase to the Shoals.
 23811 | Lair:5   | Reached skill level 10 in Dodging
 24175 | Lair:6   | Received a gift from Trog
 24187 | Lair:6   | Found a labyrinth entrance.
 24235 | Lab      | Entered a labyrinth
 24731 | Lab      | Noticed a minotaur
 24764 | Lab      | Killed a minotaur
 25259 | Lair:6   | Found a staircase to the Slime Pits.
 25312 | Lair:6   | Identified the Reference Book on Doomed Beguiling (You found it on level 6 of the Lair of Beasts)
 26219 | Orc:1    | Entered Level 1 of the Orcish Mines
 26428 | Orc:1    | Received a gift from Trog
 26904 | Orc:1    | Found Thraimur's Assorted Antiques.
 27129 | Orc:2    | Received a gift from Trog
 27713 | Orc:2    | Reached XP level 14. HP: 142/157 MP: 14/14
 28128 | Orc:3    | Paralysed by an orc sorcerer for 4 turns
 28132 | Orc:3    | Received a gift from Trog
 28192 | Orc:3    | Found a dark tunnel.
 28242 | Volcano  | Entered a volcano
 28684 | Volcano  | Found a bloodstained altar of Trog.
 28870 | Volcano  | Reached skill level 15 in Fighting
 29153 | Orc:3    | Noticed Donald
 29835 | Orc:3    | Killed Donald
 29997 | Orc:4    | Entered Level 4 of the Orcish Mines
 30000 | Orc:4    | Noticed Psyche
 30005 | Orc:3    | Received a gift from Trog
 30062 | Orc:3    | Received a gift from Trog
 30296 | Orc:4    | Noticed an orc warlord
 30306 | Orc:3    | Received a gift from Trog
 30382 | Orc:3    | Killed Psyche
 30659 | Orc:4    | Found Peusk's General Store.
 30832 | Orc:4    | Found Guwixuad's Antique Armour Shoppe.
 30933 | Orc:4    | Reached skill level 5 in Armour
 31058 | Orc:4    | Killed an orc warlord
 31089 | Orc:4    | Noticed abixa's ghost (powerful OgBe)
 31106 | Orc:4    | Killed abixa's ghost
 31202 | Orc:4    | Received a gift from Trog
 31310 | Orc:4    | Found a deep blue altar of Sif Muna.
 31346 | Orc:4    | Bought a scroll of identify for 20 gold pieces
 31346 | Orc:4    | Bought a scroll of identify for 20 gold pieces
 31429 | Orc:4    | Found a staircase to the Elven Halls.
 31470 | Orc:4    | Found Sacifouh's Book Emporium.
 31604 | Orc:4    | Found Jaazaan's Antique Weapon Emporium.
 31683 | Orc:4    | Identified the +7 halberd "Hugykh" {antimagic, Noisy +Blink rF+ rN+ MR-} (Trog gifted it to you on level 4 of the Lair of Beasts)
 32284 | Lair:7   | Received a gift from Trog
 32354 | Lair:7   | Received a gift from Trog
 32355 | Lair:7   | Got a smoking giant club {god gift}
 32356 | Lair:7   | Identified the +5 giant club of Blood-Lust {drain, Int+3} (Trog gifted it to you on level 7 of the Lair of Beasts)
 32806 | Lair:8   | Entered Level 8 of the Lair of Beasts
 32955 | Lair:8   | Reached XP level 15. HP: 165/167 MP: 15/15
 33536 | Lair:8   | Reached skill level 15 in Maces & Flails
 33839 | Lair:8   | Received a gift from Trog
 33840 | Lair:8   | Got a crude lajatang {god gift}
 34820 | Lair:2   | Identified a scroll of acquirement
 35254 | D:12     | Noticed Erolcha
 35257 | D:12     | Killed Erolcha
 35319 | D:12     | Received a gift from Trog
 35531 | D:13     | Reached skill level 16 in Maces & Flails
 35582 | D:13     | Found a gate to the Vaults.
 35605 | D:13     | Reached skill level 10 in Armour
 36000 | D:13     | Received a gift from Trog
 37292 | D:14     | Found a white marble altar of Elyvilon.
 37346 | D:14     | Found Acuucuod's Antique Armour Shoppe.
 37424 | D:14     | Received a gift from Trog
 38297 | D:15     | Entered Level 15 of the Dungeon
 38297 | D:15     | Noticed Rupert
 38363 | D:15     | Noticed a fire giant
 38366 | D:15     | Reached XP level 16. HP: 176/176 MP: 16/16
 38369 | D:15     | Found a staircase to the Depths.
 38375 | D:15     | Killed a fire giant
 38375 | D:15     | Reached skill level 17 in Maces & Flails
 38580 | D:15     | Found a burning altar of Makhleb.
 39348 | D:15     | Killed Rupert
 39811 | Lair:2   | Identified a -1 rod of inaccuracy (11/11) (You found it on level 15 of the Dungeon)
 39954 | Orc:1    | Bought a gold wand for 120 gold pieces
 39954 | Orc:1    | Bought a wooden wand for 120 gold pieces
 40023 | Orc:2    | Received a gift from Trog
 40216 | Elf:1    | Entered Level 1 of the Elven Halls
 40392 | Elf:1    | Noticed Frances
 40784 | Elf:1    | Killed Frances
 41046 | Elf:1    | Found Skuganuka's Antique Armour Shop.
 41048 | Elf:1    | Received a gift from Trog
 41091 | Elf:1    | Received a gift from Trog
 41147 | Elf:1    | Reached skill level 18 in Maces & Flails
 41599 | Elf:1    | Received a gift from Trog
 41860 | Elf:2    | Received a gift from Trog
 41909 | Elf:2    | Found a runed gate.
 41910 | Elf:2    | Found a runed gate.
 41910 | Elf:2    | Found a runed gate.
 41994 | Elf:2    | Received a gift from Trog
 42325 | Elf:2    | Found Plih's Gadget Emporium.
 42368 | Elf:2    | Reached skill level 19 in Maces & Flails
 42368 | Elf:2    | Reached XP level 17. HP: 184/184 MP: 17/17
 42474 | Elf:2    | Noticed Snorg
 42487 | Elf:2    | Killed Snorg
 42861 | Shoals:1 | Entered Level 1 of the Shoals
 43019 | Shoals:1 | Found a flickering gateway to a bazaar.
 43027 | Shoals:1 | You fall through a shaft!
 43158 | Bazaar   | Entered a bazaar
 43166 | Bazaar   | Found Skiupap's Distillery.
 43176 | Bazaar   | Found Biyvo's Jewellery Shoppe.
 43177 | Bazaar   | Found Jahetap's Magic Scroll Shop.
 43181 | Bazaar   | Found Cuawoid's Food Shoppe.
 43195 | Bazaar   | Found Xauliuni's Food Shoppe.
 43220 | Bazaar   | Bought a scroll of identify for 28 gold pieces
 43220 | Bazaar   | Bought a scroll of blinking for 105 gold pieces
 43220 | Bazaar   | Bought a scroll of teleportation for 42 gold pieces
 43220 | Bazaar   | Bought a scroll of holy word for 105 gold pieces
 43220 | Bazaar   | Bought a scroll of teleportation for 42 gold pieces
 43220 | Bazaar   | Bought a scroll of identify for 28 gold pieces
 43226 | Bazaar   | Bought the ring of Roampydd {rPois MR++} for 389 gold pieces
 43233 | Bazaar   | Bought a potion of magic for 120 gold pieces
 43233 | Bazaar   | Bought a potion of agility for 60 gold pieces
 43233 | Bazaar   | Bought a potion of restore abilities for 75 gold pieces
 43233 | Bazaar   | Bought a potion of berserk rage for 75 gold pieces
 43233 | Bazaar   | Bought a potion of haste for 150 gold pieces
 43233 | Bazaar   | Bought 2 potions of haste for 300 gold pieces
 43239 | Bazaar   | Bought the amulet "Cricoaq" {rMut rPois rF- rC+ Int+2} for 609 gold pieces
 43345 | Shoals:1 | Received a gift from Trog
 44241 | Shoals:2 | Noticed Polyphemus
 44323 | Shoals:2 | Noticed Nessos
 44502 | Shoals:1 | Received a gift from Trog
 44522 | Shoals:2 | Noticed Nessos
 44522 | Shoals:2 | Nessos changed into Nessos the komodo dragon
 44525 | Shoals:2 | Killed Nessos the komodo dragon
 44536 | Shoals:2 | Got a slimy golden ring
 44538 | Shoals:2 | Identified the ring "Cosog" {rPois rF- rN+ SInv} (You found it on level 2 of the Shoals)
 44829 | Snake:1  | Entered Level 1 of the Snake Pit
 44883 | Snake:1  | You fall through a shaft!
 45097 | Snake:1  | Noticed Nikola
 45374 | Snake:1  | Found a shimmering altar of Xom.
 45639 | Snake:1  | Killed Nikola
 45639 | Snake:1  | Reached skill level 20 in Maces & Flails
 45816 | Snake:2  | Noticed Azrael
 45824 | Snake:2  | Killed Azrael
 45921 | Snake:2  | Found Hytoid's Gadget Shop.
 45928 | Snake:2  | Bought a wand of heal wounds (4) for 672 gold pieces
 46143 | Snake:2  | Reached skill level 15 in Throwing
 46158 | Snake:2  | Received a gift from Trog
 47442 | Snake:3  | Received a gift from Trog
 47476 | Snake:3  | Got a warped giant spiked club {god gift}
 47787 | Lair:3   | Reached XP level 18. HP: 198/198 MP: 18/18
 50057 | Snake:4  | Reached skill level 21 in Maces & Flails
 50200 | Snake:5  | Entered Level 5 of the Snake Pit
 50324 | Snake:5  | Received a gift from Trog
 51063 | Snake:5  | HP: 5/198 [black mamba (10)]
 52645 | Snake:5  | Received a gift from Trog
 52929 | Snake:5  | Received a gift from Trog
 53085 | Snake:5  | Received a gift from Trog
 53176 | Snake:5  | Reached XP level 19. HP: 162/209 MP: 18/18
 53531 | Snake:5  | Got a serpentine rune of Zot
 53816 | Snake:5  | Reached skill level 22 in Maces & Flails
 54227 | Snake:5  | Received a gift from Trog
 55593 | Shoals:2 | Killed Polyphemus
 56684 | Shoals:2 | Received a gift from Trog
 56994 | Shoals:3 | Received a gift from Trog
 57095 | Shoals:3 | Received a gift from Trog
 57244 | Shoals:3 | You fall through a shaft!
 57775 | Shoals:5 | Entered Level 5 of the Shoals
 57907 | Shoals:3 | Reached XP level 20. HP: 214/223 MP: 17/19
 58736 | D:9      | Killed kae's ghost
 58900 | Vaults:1 | Entered Level 1 of the Vaults
 58900 | Vaults:1 | Found Veetytank's General Store.
 58930 | Vaults:1 | Received a gift from Trog
 59604 | Vaults:1 | Received a gift from Trog
 60005 | Vaults:1 | Received a gift from Trog
 60150 | Vaults:1 | Received a gift from Trog
 60723 | Vaults:2 | Noticed Mennas
 60788 | Vaults:2 | HP: 10/226 [stone giant (26)]
 60788 | Vaults:2 | Slain by an ironheart preserver

Action                   |  1- 3 |  4- 6 |  7- 9 | 10-12 | 13-15 | 16-18 | 19-21 || total
-------------------------+-------+-------+-------+-------+-------+-------+-------++-------
Melee: Mace              |   123 |   258 |   114 |       |       |       |       ||   495
       Giant spiked club |       |       |   165 |       |       |  1390 |   855 ||  2410
       Dire flail        |       |       |     3 |   610 |   812 |       |       ||  1425
       Great mace        |       |       |       |     7 |     3 |       |       ||    10
       Giant club        |       |       |       |       |   367 |    83 |       ||   450
       Halberd           |       |       |       |       |     3 |       |       ||     3
 Fire: Blowgun           |       |     1 |    86 |   170 |     5 |       |       ||   262
Throw: Stone             |    30 |    92 |   111 |   122 |    98 |       |       ||   453
       Tomahawk          |       |     6 |    15 |    63 |   101 |    43 |     9 ||   237
       Large rock        |       |       |       |    16 |    16 |    18 |     9 ||    59
       Javelin           |       |       |       |    24 |   132 |    48 |    42 ||   246
Invok: Berserk           |       |     1 |     2 |     2 |     6 |     3 |     1 ||    15
       Trog's Hand       |       |       |     1 |     1 |       |     3 |     2 ||     7
       Burn Spellbooks   |       |       |       |       |     1 |     1 |       ||     2
       Brothers in Arms  |       |       |       |       |       |     1 |     3 ||     4
Evoke: Wand              |       |       |       |       |     5 |     4 |     1 ||    10
       Fan of gales      |       |       |       |       |       |       |     1 ||     1
       Phial of floods   |       |       |       |       |       |       |     1 ||     1
  Use: Scroll            |       |     6 |     1 |     9 |     7 |    19 |    11 ||    53
       Potion            |       |       |       |       |       |     4 |     8 ||    12
 Stab: Sleeping          |       |     2 |     2 |     2 |     1 |       |       ||     7
       Distracted        |       |       |       |     2 |       |     1 |     1 ||     4
       Petrifying        |       |       |       |       |       |     1 |       ||     1
       Petrified         |       |       |       |       |       |     1 |       ||     1
  Eat: Chunk             |     4 |    10 |    17 |    34 |    57 |    48 |    25 ||   195
       Beef jerky        |       |     1 |       |       |       |       |       ||     1
       Royal jelly       |       |       |     1 |       |       |       |       ||     1
       Fruit             |       |       |       |     3 |     5 |     1 |     1 ||    10
